 Dungeon Crawl Stone Soup version 0.25.1-2-g60ff931df9 (webtiles) character file.

Game seed: 16299069348437740090

1236 soggyman666 the Cleaver (level 8, -5/70 HPs)
             Began as a Hill Orc Monk on Nov 3, 2020.
             Was a Believer of Fedhas.
             Killed from afar by an electric eel (9 damage)
             ... with a bolt of electricity
             ... on level 6 of the Dungeon.
             The game lasted 00:21:08 (6999 turns).

soggyman666 the Cleaver (Hill Orc Monk)             Turns: 6999, Time: 00:21:09

Health: -5/70      AC: 13    Str: 16    XL:     8   Next: 49%
Magic:  10/10      EV: 12    Int: 10    God:    Fedhas [**....]
Gold:   343        SH:  5    Dex: 13    Spells: 7/7 levels left

rFire    . . .     SeeInvis .   a - +1 hand axe
rCold    . . .     Gourm    .   (no shield)
rNeg     . . .     Faith    .   l - +0 chain mail
rPois    .         Spirit   .   (no helmet)
rElec    .         Reflect  +   (no cloak)
rCorr    .         Harm     .   h - +2 pair of gloves
MR       .....                  (no boots)
Stlth    ..........             m - amulet of reflection
HPRegen  0.21/turn              k - +4 ring of evasion
MPRegen  0.12/turn              (no ring)

@: lightly drained
A: no striking features
a: Wall of Briars, Renounce Religion


You were on level 6 of the Dungeon.
You worshipped Fedhas.
Fedhas was pleased with you.
You were hungry.

You visited 2 branches of the dungeon, and saw 7 of its levels.

You collected 343 gold pieces.

Inventory:

Hand Weapons
 a - a +1 hand axe (weapon)
Armour
 h - a +2 pair of gloves (worn)
 l - a +0 chain mail (worn)
Jewellery
 k - a +4 ring of evasion (left hand)
 m - an amulet of reflection (around neck)
Wands
 d - a wand of flame (20)
 o - a wand of clouds (6)
Scrolls
 p - a scroll of magic mapping
Potions
 b - 6 potions of curing
 e - a potion of lignification
 g - a potion of stabbing
 j - 2 potions of haste
 n - a potion of heal wounds
Comestibles
 c - 6 rations
 f - 2 chunks of flesh


   Skills:
 + Level 5.7(5.6) Fighting
 + Level 8.4(8.2) Axes
 * Level 6.0(5.9) Armour
 - Level 2.4(2.3) Dodging
 + Level 2.0(1.9) Stealth
 * Level 2.6(2.5) Invocations
 * Level 3.4(3.2) Evocations


You had 7 spell levels left.
You didn't know any spells.
Your spell library was empty.

Dungeon Overview and Level Annotations

Branches:
Dungeon (6/15)             Temple (1/1) D:4

Altars:
Ashenzari
Cheibriados
Dithmenos
Elyvilon
Fedhas
Gozag
Hepliaklqana
Kikubaaqudgha
Makhleb
Nemelex Xobeh
Okawaru
Qazlal
Ru
Sif Muna
Trog
Uskayaw
Vehumet
Xom
Yredelemnul
Zin
The Shining One

Annotations:
D:6 Eustachio


Message History

The bolt of electricity hits the electric eel.
The electric eel completely resists.
The bolt of electricity hits the gnoll!
The gnoll dies!
Eustachio gestures wildly while chanting.
Eustachio blinks!
The gnoll throws a boomerang.
The boomerang hits you but does no damage.
The electric eel shoots out a bolt of lightning at you!
The bolt of electricity hits the gnoll.
The gnoll dies!
The bolt of electricity hits you.
* * * LOW HITPOINT WARNING * * *
The gnoll throws a stone.
The stone hits you.
* * * LOW HITPOINT WARNING * * *
Okay, then.
The electric eel shoots out a bolt of lightning at you!
The bolt of electricity hits you.
* * * LOW HITPOINT WARNING * * *
The bolt of electricity hits you!
You die...
Fedhas appreciates your contribution to the ecosystem.

############# ###
#.(.....(.(@##.....
##..........(.......
#..(.≈≈≈≈≈≈≈;≈≈≈≈...
#(..≈≈...g.hhg(.≈≈§.
##(..≈(...g##..g..≈≈.
##....≈(...####.g...≈.
###.(...≈...## #....≈.
..((...≈≈...# ....≈≈
####.≈≈≈.....# .....;


You could see a gnoll shaman, 2 hounds, an electric eel and 4 gnolls.

Vanquished Creatures
  2 phantoms (D:4)
  An ogre (D:4)
  A centaur (D:5)
  A water moccasin skeleton (D:6)
  An electric eel (D:6)
  2 wights
  A crimson imp (D:6)
  5 hounds
  4 orc wizards
  2 centaur skeletons
  4 worker ants
  4 gnolls (D:6)
  4 adders
  A shadow imp (D:4)
  An ooze (D:2)
  5 worms
  3 dart slugs
  6 leopard geckos
  8 orcs
  A ball python (D:3)
  A giant cockroach (D:4)
  9 hobgoblins
  A jackal (D:6)
  2 quokkas
  8 bats
  3 frilled lizards
  6 goblins
  2 kobolds
  A leopard gecko skeleton (D:4)
  A quokka skeleton (D:4)
  9 rats
  A toadstool (D:1)
101 creatures vanquished.

Vanquished Creatures (collateral kills)
  An orc warrior (D:6)
  A gnoll sergeant (D:6)
  A hound zombie (D:6)
  2 orcs (D:6)
  A jackal (D:6)
6 creatures vanquished.

Vanquished Creatures (others)
  A human (D:2)
  2 gnolls (D:6)
  An orc (D:3)
  3 toadstools (D:1)
7 creatures vanquished.

Grand Total: 114 creatures vanquished

Notes
Turn   | Place    | Note
-------+----------+-------------------------------------------
     0 | D:1      | soggyman666 the Hill Orc Monk began the quest for the Orb.
     0 | D:1      | Reached XP level 1. HP: 19/19 MP: 1/1
   242 | D:1      | Reached XP level 2. HP: 27/27 MP: 2/2
   612 | D:1      | Reached skill level 1 in Armour
   754 | D:1      | Reached XP level 3. HP: 30/33 MP: 3/3
  1890 | D:2      | Reached skill level 5 in Axes
  1890 | D:2      | Reached XP level 4. HP: 26/40 MP: 4/4
  2406 | D:2      | Found an ancient bone altar of Kikubaaqudgha.
  2407 | D:2      | Noticed a human
  2409 | D:2      | Killed a human
  2853 | D:3      | Reached skill level 1 in Evocations
  2853 | D:3      | Reached XP level 5. HP: 43/47 MP: 5/5
  3544 | D:4      | Reached skill level 6 in Axes
  3544 | D:4      | Reached XP level 6. HP: 52/55 MP: 7/7
  3558 | D:4      | Found a staircase to the Ecumenical Temple.
  3586 | D:4      | Noticed a phantom
  3662 | D:4      | Killed a phantom
  3662 | D:4      | Reached skill level 5 in Fighting
  3939 | D:4      | Noticed a phantom
  3993 | D:4      | Reached XP level 7. HP: 9/61 MP: 8/8
  3998 | D:4      | HP: 1/61 [phantom (7)]
  4605 | D:4      | Reached skill level 7 in Axes
  4974 | Temple   | Entered the Ecumenical Temple
  5253 | Temple   | Became a worshipper of Fedhas Madash
  5253 | Temple   | Reached * piety under Fedhas
  5253 | Temple   | Reached ** piety under Fedhas
  5318 | D:5      | Entered Level 5 of the Dungeon
  5455 | D:5      | Reached skill level 5 in Armour
  5967 | D:6      | Reached XP level 8. HP: 43/69 MP: 10/10
  5986 | D:6      | Reached skill level 1 in Invocations
  6157 | D:6      | Reached skill level 8 in Axes
  6995 | D:6      | Noticed Eustachio
  6999 | D:6      | Killed from afar by an electric eel

Illustrated notes

Levels and vault maps discovered:
D:1:      ldierk_water_garden, layout_basic, hex_large, minmay_split_cup_small
D:2:      layout_loops_ring, tgw_kikubaaqudgha
D:3:      layout_rooms, first_ration, minmay_misc_feat_plants
D:4:      layout_loops_ring, minmay_temple_entry_antechambers,
          wad_rectangle_vault
D:5:      layout_basic
D:6:      layout_cave_pools, gammafunk_ghost_nasty_kobolds, serial_gnoll_camp,
          gnoll_camp_mini_hut, gnoll_camp_huts_moat, gnoll_camp_medium_02,
          gnoll_camp_mini_house, gnoll_camp_mini_house, ldierk_geyser,
          minmay_bent, uniq_eustachio, uniq_maggie, uniq_prince_ribbit1
Temple:   minmay_crystal_snake_temple

Skill      XL: |  1  2  3  4  5  6  7  8 |
---------------+-------------------------+-----
Fighting       | 4 5 |  5.7
Armour         | 1 2 4 5 6 |  6.0
Axes           | 5 6 7 8 |  8.4
Evocations     | 1 2 3 |  3.4
Stealth        | 2 |  2.0
Invocations    | 2 |  2.6
Dodging        | |  2.4

Action                   |  1- 3 |  4- 6 |  7- 9 || total
-------------------------+-------+-------+-------++-------
Melee: Hand axe          |   123 |   225 |   229 ||   577
Invok: Wall of Briars    |       |       |     3 ||     3
Evoke: Wand              |       |       |     1 ||     1
  Use: Scroll            |     5 |     2 |     7 ||    14
       Potion            |       |       |     2 ||     2
 Stab: Sleeping          |     5 |       |       ||     5
  Eat: Chunk             |     3 |     7 |     6 ||    16
       Ration            |       |       |     1 ||     1
Armor: Robe              |    21 |     9 |       ||    30
       Ring mail         |       |    25 |       ||    25
       Chain mail        |       |    80 |   112 ||   192
Dodge: Dodged            |    85 |   140 |   125 ||   350
Block: Other             |       |       |    39 ||    39
       Reflection        |       |       |     3 ||     3
